 Dungeon Crawl Stone Soup version 0.26-a0-651-gb41185065b (webtiles) character file.

Game seed: 11162053903072679996

671 Irenicus the Geomancer (level 7, -3/55 HPs)
             Began as a Deep Dwarf Earth Elementalist on Oct 16, 2020.
             Slain by an iguana (10 damage)
             ... on level 6 of the Dungeon.
             The game lasted 00:15:04 (2334 turns).

Irenicus the Geomancer (DDEE)                       Turns: 2334, Time: 00:15:04

Health: -3/55      AC:  5    Str: 12    XL:     7   Next: 32%
Magic:  5/9        EV: 12    Int: 17    God:
Gold:   270        SH:  0    Dex: 13    Spells: 6/9 levels left

rFire    . . .     SeeInvis .   o - +2 short sword (vamp)
rCold    + . .     Faith    .   (no shield)
rNeg     . . .     Spirit   .   k - +0 leather armour
rPois    .         Reflect  .   u - +0 helmet
rElec    .         Harm     .   C - +0 cloak
rCorr    +         Rampage  .   (no gloves)
MR       +....                  (no boots)
Stlth    ++........             (no amulet)
HPRegen  0.00/turn              l - ring of protection from cold {rC+, !d}
MPRegen  0.11/turn              D - ring of resist corrosion

@: very slightly contaminated, non-regenerating, invisible
A: damage resistance, heal wounds, sense surroundings 1, no regeneration
a: Heal Wounds


You were on level 6 of the Dungeon.
You visited 1 branch of the dungeon, and saw 6 of its levels.

You collected 270 gold pieces.

Inventory:

Hand Weapons
 n - a +0 short sword of venom
   (You found it on level 2 of the Dungeon)
 o - a +2 vampiric short sword (weapon)
   (You took it off a kobold on level 3 of the Dungeon)
 s - a +0 dagger of speed
   (You took it off Ijyb on level 3 of the Dungeon)
Missiles
 b - 149 stones (quivered)
Armour
 k - a +0 leather armour (worn)
   (You found it on level 1 of the Dungeon)
 u - a +0 helmet (worn)
   (You found it on level 3 of the Dungeon)
 C - a +0 cloak (worn)
   (You found it on level 5 of the Dungeon)
Jewellery
 l - a ring of protection from cold (left hand) {rC+, !d}
   (You found it on level 2 of the Dungeon)
 D - a ring of resist corrosion (right hand)
   (You found it on level 6 of the Dungeon)
Wands
 j - a wand of paralysis (5)
   (You found it on level 3 of the Dungeon)
 t - a wand of random effects (13)
   (You took it off Ijyb on level 3 of the Dungeon)
 y - a wand of digging (5)
   (You found it on level 4 of the Dungeon)
Scrolls
 a - 5 scrolls of teleportation {unknown}
 c - a scroll of fog {unknown}
 d - 4 scrolls of remove curse
 g - a scroll of noise {unknown}
 p - a scroll of amnesia {unknown}
 q - 5 scrolls of enchant weapon {unknown}
 r - a scroll of fear {unknown}
 v - a scroll of identify
 w - a scroll of magic mapping {unknown}
 z - 2 scrolls of blinking {unknown}
Potions
 f - a potion of stabbing
 h - a potion of ambrosia {unknown}
 i - 2 potions of curing
 m - a potion of flight
 x - 2 potions of haste
 A - a potion of lignification {unknown}
 B - a potion of brilliance {unknown}


   Skills:
 - Level 2.1 Dodging
 - Level 2.4 Stealth
 - Level 1.7 Spellcasting
 - Level 0.8 Transmutations
 + Level 11.1 Earth Magic


You had 6 spell levels left.
You knew the following spells:

 Your Spells              Type           Power        Failure   Level
a - Sandblast             Erth           #####.       1%          1
w - Passwall              Tmut/Erth      ###.....     3%          2

Your spell library contained the following spells:

 Spells                   Type           Power        Failure   Level
 Stone Arrow              Conj/Erth      ###...       8%          3
 Lee's Rapid Deconstruct  Erth           #####.....   8%          5
 Petrify                  Tmut/Erth      ###.....     22%         4


Dungeon Overview and Level Annotations

Branches:
Dungeon (6/15)
 Temple: D:4-7

Altars:
Fedhas
Gozag

Annotations:
D:5 2 runed translucent doors, PanSaczeczos's ghost, novice NaBe


Innate Abilities, Weirdness & Mutations

You are resistant to damage.
You can heal yourself by infusing magical energy.
You passively map a small area around you.
You do not regenerate.


Message History

The blast of sand hits the hound!
You kill the hound!
b - 152 stones You now have 7/9 mp.
Casting: Sandblast (safe; 1% risk of failure)
Confirm with . or Enter, or press ? or * to list all spells.
Aiming: Sandblast (safe; 1% risk of failure)
Press: ? - help, Shift-Dir - straight line, f - white imp
Aim: a white imp The blast of sand hits the white imp!
You kill the white imp!
Your Earth Magic skill increases to level 11!
b - 151 stones You now have 6/9 mp.
MP restored: 9 You now have 270 gold pieces (gained 20).
Casting: Sandblast (safe; 1% risk of failure)
Confirm with . or Enter, or press ? or * to list all spells.
Press: ? - help, Dir - move target cursor A rock wall.
You begin to meditate on the wall.
You continue meditating on the rock. x2
You finish merging with the rock.
You now have 7/9 mp.
Casting: Passwall (safe; 3% risk of failure)
Confirm with . or Enter, or press ? or * to list all spells.
Press: ? - help, Dir - move target cursor A rock wall.
You begin to meditate on the wall.
You continue meditating on the rock. x2
You finish merging with the rock.
You now have 6/9 mp.
d - 4 scrolls of remove curse (gained 1)
Casting: Passwall (safe; 3% risk of failure)
Confirm with . or Enter, or press ? or * to list all spells.
Press: ? - help, Dir - move target cursor A rock wall.
You begin to meditate on the wall.
You continue meditating on the rock. x3
You finish merging with the rock. 3 orc wizards and an ogre come into view.
An orc wizard is wielding a +1 dagger of holy wrath.
An orc wizard is wielding a +0 antimagic dagger.
You now have 5/9 mp.
The orc wizard shouts! x2
The orc wizard hits you but does no damage.
The ogre shouts!
The orc wizard points at you and mumbles some strange words.
The puff of flame misses you.
The orc wizard gestures at you while chanting.
The puff of flame hits you!
* * * LOW HITPOINT WARNING * * *
You take 7 damage, and have 11/55 hp.
Casting: Passwall (safe; 3% risk of failure)
Confirm with . or Enter, or press ? or * to list all spells.
Aiming: Sandblast (safe; 1% risk of failure)
Press: ? - help, Shift-Dir - straight line, f - orc wizard
Aim: an orc wizard, wielding a +0 antimagic dagger and wearing a +0 robe The blast of sand hits the orc wizard.
The orc wizard is lightly wounded.
b - 150 stones You now have 5/9 mp.
Casting: Sandblast (safe; 1% risk of failure)
Confirm with . or Enter, or press ? or * to list all spells.
Aiming: Sandblast (safe; 1% risk of failure)
Press: ? - help, Shift-Dir - straight line, f/p - orc wizard
Aim: an orc wizard, wielding a +0 antimagic dagger and wearing a +0 robe (lightly wounded)
The blast of sand hits the orc wizard!
The orc wizard is severely wounded.
b - 149 stones The orc wizard hits you but does no damage.
You now have 4/9 mp.
Casting: Sandblast (safe; 1% risk of failure)
Confirm with . or Enter, or press ? or * to list all spells.
Aiming: Sandblast (safe; 1% risk of failure)
Press: ? - help, Shift-Dir - straight line, f/p - orc wizard
Aim: an orc wizard, wielding a +0 antimagic dagger and wearing a +0 robe (lightly wounded)
Okay, then.
The orc wizard casts a spell at you. The puff of flame hits you.
* * * LOW HITPOINT WARNING * * *
You take 2 damage, and have 9/55 hp.
Evoke which item? (* to show all) (? for menu, Esc to quit)
Press: ? - help, Shift-Dir - straight line, f - ogre, p - orc wizard
Aim: an ogre, wielding a +0 giant club The fireball explodes!
The fireball engulfs the ogre!
The ogre is moderately wounded.
The fireball engulfs the orc wizard.
You kill the orc wizard!
The fireball engulfs the orc wizard.
The orc wizard is moderately wounded.
You hear an angry hiss.
The orc wizard points at you and mumbles some strange words.
The puff of frost hits you. You resist.
* * * LOW HITPOINT WARNING * * *
You take 2 damage, and have 7/55 hp.
An iguana comes into view.
A hound comes into view.
You fade into invisibility!
You are very lightly contaminated with residual magic.
The orc wizard casts a spell.
The orc wizard flickers and vanishes!
Deactivating autopickup; reactivate with Ctrl-A.
The iguana bites you!
You die...

#.#, , ,, ####* , #.#, ,
###..###, , #.#.. ,,
#.O....#### #.#5#*
####.........#, #.#.# *
#....o.......# , , ,
#.#.#####..)###........
,
#.#.##.......#####.#####
#.#.##......{oO.l......#
,
#<#.............@h......
##..#####..#######.#####
* *
..................,..
################## *##
......# #####.# ....#.#
###.#.# ..#.#.#


You could see an ogre (wandering), an iguana, a hound and an orc wizard.

Vanquished Creatures
  A phantom (D:4)
  An ogre (D:4)
  A scorpion (D:4)
  A howler monkey (D:4)
  A hound (D:6)
  Ijyb (D:3)
  2 orc wizards
  A worker ant (D:4)
  2 hound zombies (D:5)
  4 gnolls (D:4)
  9 adders
  A howler monkey skeleton (D:4)
  A white imp (D:6)
  2 oozes
  4 worms
  4 dart slugs
  9 orcs
  5 giant cockroaches
  8 goblins
  2 hobgoblins
  10 jackals
  6 kobolds
  2 quokkas
  A ball python (D:3)
  6 bats
  4 frilled lizards
  4 rats
93 creatures vanquished.

Notes
Turn   | Place    | Note
-------+----------+-------------------------------------------
     0 | D:1      | Irenicus the Deep Dwarf Earth Elementalist began the quest
                  | for the Orb.
     0 | D:1      | Reached XP level 1. HP: 15/15 MP: 3/3
   159 | D:1      | HP: 3/15 [dart slug (1)]
   162 | D:1      | Reached XP level 2. HP: 4/22 MP: 0/4
   275 | D:1      | Reached skill level 5 in Earth Magic
   420 | D:2      | Reached XP level 3. HP: 22/28 MP: 0/5
   491 | D:2      | Reached skill level 6 in Earth Magic
   582 | D:2      | Reached XP level 4. HP: 20/36 MP: 0/6
   710 | D:2      | Learned a level 2 spell: Passwall
   761 | D:2      | Reached skill level 7 in Earth Magic
  1245 | D:3      | Noticed Ijyb
  1274 | D:3      | Killed Ijyb
  1274 | D:3      | Reached XP level 5. HP: 18/42 MP: 0/7
  1419 | D:4      | Reached skill level 8 in Earth Magic
  1473 | D:4      | Reached XP level 6. HP: 22/49 MP: 1/8
  1505 | D:4      | Reached skill level 9 in Earth Magic
  1650 | D:4      | HP: 5/49 [gnoll/+0 flail (8)]
  1686 | D:4      | Reached skill level 10 in Earth Magic
  1719 | D:4      | Reached XP level 7. HP: 23/55 MP: 2/9
  1835 | D:5      | Entered Level 5 of the Dungeon
  1861 | D:5      | Found an opulent altar of Gozag.
  1878 | D:5      | Found a runed translucent door.
  1882 | D:5      | Noticed PanSaczeczos's ghost (novice NaBe)
  1906 | D:5      | Found a runed translucent door.
  2120 | D:5      | Found a blossoming altar of Fedhas.
  2245 | D:6      | Reached skill level 11 in Earth Magic
  2325 | D:6      | HP: 11/55 [orc wizard/puff of flame (7)]
  2330 | D:6      | HP: 7/55 [orc wizard/puff of frost (2)]
  2334 | D:6      | Slain by an iguana

Illustrated notes

Levels and vault maps discovered:
D:1:      lightli_arrival_maybe_door_vault, layout_rooms
D:2:      layout_basic
D:3:      layout_basic, minmay_misc_feat_doors, uniq_ijyb
D:4:      layout_rooms, minmay_close_crescents
D:5:      layout_basic, lemuel_doored_altar, ebering_ghost_sewer_f,
          nicolae_gozag_cash_rules_everything_around_me
D:6:      minmay_flawed_box, layout_basic, minmay_temple_entry_drinking_statues,
          skrybe_limestone_x, lemuel_statue_altar

Skill      XL: |  1  2  3  4  5  6  7 |
---------------+----------------------+-----
Earth Magic    | 5 6 7 8 10 11 | 11.1
Dodging        | |  2.1
Stealth        | |  2.4
Spellcasting   | |  1.7
Transmutations | |  0.8

Action                   |  1- 3 |  4- 6 |  7- 9 || total
-------------------------+-------+-------+-------++-------
Melee: Club              |    11 |       |       ||    11
       Dagger            |    63 |    11 |       ||    74
       Short sword       |       |    71 |     2 ||    73
 Cast: Sandblast         |    35 |    67 |    31 ||   133
       Passwall          |       |    11 |     9 ||    20
 Abil: Heal Wounds       |     1 |       |       ||     1
Evoke: Wand              |       |     3 |     1 ||     4
  Use: Potion            |     1 |     1 |     1 ||     3
       Scroll            |       |     6 |       ||     6
 Stab: Sleeping          |     1 |       |       ||     1
Armor: Robe              |     1 |       |       ||     1
       Leather armour    |    24 |    20 |     7 ||    51
Dodge: Dodged            |    77 |    57 |     8 ||   142

Table legend: (Time is in decaauts)
 A = Elapsed time spent in this place.
 B = Non-inter-level travel time spent in this place.
 C = Inter-level travel time spent in this place.
 D = Time resting spent in this place.
 E = Time spent auto-exploring this place.
 F = Levels seen in this place.
 G = Mean time per level.
                   A        B        C        D        E       F      G
               +--------+--------+--------+--------+--------+-----+--------+
         Total |   2325 |   2298 |     27 |      0 |      0 |   6 |  387.5 |
       Dungeon |   2325 |   2298 |     27 |      0 |      0 |   6 |  387.5 |
               +--------+--------+--------+--------+--------+-----+--------+

Top non-repeatable levels by time:
     D:2: 584 daAuts
     D:3: 475 daAuts
     D:4: 425 daAuts
     D:5: 347 daAuts
     D:1: 341 daAuts
     D:6: 150 daAuts

Table legend:
 A = Kills in this place as a percentage of kills in entire the game.
 B = Kills by you in this place as a percentage of kills by you in the entire game.
 C = Kills by friends in this place as a percentage of kills by friends in the entire game.
 D = Other kills in this place as a percentage of other kills in the entire game.
 E = Experience gained in this place as a percentage of experience gained in the entire game.
 F = Experience gained in this place divided by the number of levels of this place that you have seen.
                   A       B       C       D       E      F
               +-------+-------+-------+-------+-------+----------------------
         Total | 100.0 | 100.0 |   N/A |   N/A | 100.0 | 159.8
       Dungeon | 100.0 | 100.0 |   N/A |   N/A | 100.0 | 159.8
               +-------+-------+-------+-------+-------+----------------------
